 Dungeon Crawl Stone Soup version 0.28-a0-794-gafe8c5f9e9 (webtiles) character file.

Game seed: 735613645245985146

261 vurker the Magician (level 6, -9/46 HPs)
             Began as a Djinni Air Elementalist on Nov 5, 2021.
             Killed by nerve-wracking pain
             ... invoked by Grinder
              (12 damage)
             ... on level 3 of the Dungeon.
             The game lasted 00:03:08 (4309 turns).

vurker the Magician (Djinni Air Elementalist)       Turns: 4309, Time: 00:03:09

Health: -9/46      AC:  7    Str:  7    XL:     6   Next: 42%
Gold:   71         EV: 12    Int: 19    God:
                   SH:  5    Dex: 13

rFire   + + .      SeeInvis .   g - +0 short sword (speed)
rCold   x . .      Faith    .   (no shield)
rNeg    . . .      Spirit   .   a - +0 robe
rPois   ∞          Reflect  +   b - +0 helmet
rElec   .          Harm     .   (no cloak)
rCorr   .          Rampage  .   (no gloves)
Will    .....                   (boots unavailable)
Stlth   ++........              d - amulet of reflection
HPRegen 0.15/turn               h - +4 ring of protection
MPRegen 0.00/turn               (no ring)

@: flying
A: sickness immunity, fire resistance 2, cold vulnerability 1, float, innate
caster, hp casting, extra vitality 1
a: no special abilities


You were on level 3 of the Dungeon.
You visited 1 branch of the dungeon, and saw 3 of its levels.

You collected 71 gold pieces.

Inventory:

Hand Weapons
 g - a +0 short sword of speed (weapon)
   (You took it off a kobold on level 2 of the Dungeon)
Armour
 a - a +0 robe (worn)
 b - a +0 helmet (worn)
   (You found it on level 1 of the Dungeon)
 j - a +0 pair of gloves
   (You found it on level 3 of the Dungeon)
Jewellery
 d - an amulet of reflection (around neck)
   (You found it on level 1 of the Dungeon)
 h - a +4 ring of protection (left hand)
   (You found it on level 2 of the Dungeon)
Scrolls
 e - a scroll of immolation {unknown}
 i - a scroll of magic mapping {unknown}
 l - a scroll of identify {unknown}
 m - a scroll of teleportation {unknown}
Potions
 c - 2 potions of lignification {unknown}
 f - 2 potions of curing {unknown}
 k - a potion of flight {unknown}


   Skills:
 + Level 3.1 Fighting
 - Level 2.1 Dodging
 - Level 1.5 Stealth
 * Level 4.4 Spellcasting


You couldn't memorise any spells.
You knew the following spells:

 Your Spells              Type           Power      Damage    Failure   Level
a - Shock                 Conj/Air       84%        1d8       1%          1
b - Static Discharge      Conj/Air       21%        N/A       3%          2
c - Airstrike             Air            10%        N/A       21%         4
d - Swiftness             Air            21%        N/A       6%          3
e - Animate Skeleton      Necr           42%        N/A       1%          1
f - Wereblood             Tmut           21%        N/A       3%          2
Your spell library was empty.

Dungeon Overview and Level Annotations

Branches:
Dungeon (3/15)

Altars:
Sif Muna
Xom

Annotations:
D:3 Grinder


Innate Abilities, Weirdness & Mutations

You are immune to sickness and miasma.
You are immune to poison.
Your flesh is very heat resistant. (rF++)
You are vulnerable to cold. (rC-)
You float through the air rather than walking.
You learn spells naturally, not from books.
Your magical power is your life essence.
You have superior vitality. (+4 HP)


Message History

The zap hits Grinder.
Aim: Grinder (lightly wounded, 71% to hit)
That beam is likely to hit you.
Continue anyway? [Y]es or [N]o only, please.
That beam is likely to hit you.
Continue anyway?
Okay, then.
Grinder gestures at you.
You suddenly lose the ability to move!
Grinder blinks!
You can move again.
You can't see any susceptible monsters within range! (Use Z to cast anyway.)
You aren't carrying any items that you can evoke.
Unknown command.
Grinder is nearby!
Aim: Grinder (lightly wounded, 71% to hit)
The zap hits Grinder.
Aim: Grinder (lightly wounded, 71% to hit)
The zap hits Grinder. x2
Aim: Grinder (moderately wounded, 71% to hit)
The zap misses Grinder.
Grinder hits you.
You writhe in agony.
Aim: Grinder (moderately wounded, 71% to hit)
The zap hits Grinder!
Grinder gestures at you. You resist with some effort.
Aim: Grinder (heavily wounded, 71% to hit)
The zap hits Grinder!
Grinder hits you.
Aim: Grinder (severely wounded, 71% to hit)
The zap hits Grinder.
Grinder gestures at you. Pain shoots through your body!
* * * LOW HITPOINT WARNING * * *
Aim: Grinder (severely wounded, 71% to hit)
The zap hits Grinder but does no damage.
* * * LOW HITPOINT WARNING * * *
Grinder gestures at you. Pain shoots through your body!
* * * LOW HITPOINT WARNING * * *
Aim: Grinder (severely wounded, 71% to hit)
The zap misses Grinder.
* * * LOW HITPOINT WARNING * * *
Grinder hits you.
* * * LOW HITPOINT WARNING * * *
You writhe in agony.
* * * LOW HITPOINT WARNING * * *
Aim: Grinder (severely wounded, 71% to hit)
The zap hits Grinder!
* * * LOW HITPOINT WARNING * * *
Grinder gestures at you. Pain shoots through your body!
You die...

##*,...)...,,,,,,,### #..).)....
*........,,**,*,..#**#)##......
**#.......)#*****##.#,)..###.....
,,....(....# *..).#### #.....
*#..)......* *#.#** #.....
*#.........## #.##### #..###
,,,,(,,,,,,*#. ##.....# #..#
,**,,,,,,,,* #####.####.# #..#
,*********** #..@5...##.####..###
,* #######.....>....... **
####......#### * #.(....##.. *
*****####.).....#.P
****,,,,>........###..
***,),,****###.....#####
******,,,*,,* #.....#....
*****,,,,,,****,* #####.#.###


You could see Grinder.

Vanquished Creatures
  An ogre (D:3)
  3 orc wizards (D:3)
  2 adders (D:2)
  2 worms
  2 dart slugs (D:1)
  12 orcs (D:3)
  6 ball pythons
  11 endoplasms
  3 giant cockroaches (D:2)
  6 goblins
  2 hobgoblins
  2 jackals (D:2)
  5 bats
  4 frilled lizards
  4 kobolds
  4 rats
69 creatures vanquished.

Notes
Turn   | Place    | Note
-------+----------+-------------------------------------------
     0 | D:1      | vurker the Djinni Air Elementalist began the quest for the
                  | Orb.
     0 | D:1      | Reached XP level 1. HP: 15/15 MP: 0/0
   297 | D:1      | Reached XP level 2. HP: 19/22 MP: 0/0
   741 | D:1      | Found a faded altar of an unknown god.
   994 | D:1      | Reached skill level 1 in Fighting
  1391 | D:1      | You are sucked into a shaft and drop 1 floor!
  1472 | D:1      | Reached XP level 3. HP: 26/27 MP: 0/0
  1472 | D:1      | Learned a level 1 spell: Animate Skeleton
  1502 | D:1      | Reached skill level 3 in Spellcasting
  2563 | D:2      | Reached XP level 4. HP: 30/33 MP: 0/0
  2931 | D:3      | Noticed an ogre
  2945 | D:3      | Killed an ogre
  2946 | D:3      | Reached XP level 5. HP: 11/39 MP: 0/0
  2946 | D:3      | Learned a level 2 spell: Wereblood
  3204 | D:3      | Reached skill level 4 in Spellcasting
  3363 | D:3      | Noticed Grinder
  3596 | D:3      | Reached XP level 6. HP: 39/45 MP: 0/0
  3661 | D:3      | Found a shimmering altar of Xom.
  4133 | D:3      | Found a shimmering altar of Xom.
  4294 | D:3      | Paralysed by Grinder for 5 turns
  4309 | D:3      | Killed from afar by Grinder

Illustrated notes

Levels and vault maps discovered:
D:1:      lightli_iron_boxes, layout_basic, hellmonk_ecumenical_altar_zigzags
D:2:      layout_loops_corners, basic_altar
D:3:      layout_rooms, mainiacjoe_overflow_24_doors, serial_aquarium,
          aquarium_bridge_long_joined [aquarium_subvault_bridge,
          aquarium_subvault_bridge, aquarium_subvault_wall,
          aquarium_subvault_wall, aquarium_subvault_window,
          aquarium_subvault_bridge], aquarium_bridge_straight
          [aquarium_subvault_bridge, aquarium_subvault_wall,
          aquarium_subvault_bridge, aquarium_subvault_balcony],
          aquarium_window_3, aquarium_window_fake, aquarium_view_2a,
          aquarium_balcony_1b, uniq_grinder

Skill      XL: |  1  2  3  4  5  6 |
---------------+-------------------+-----
Fighting       | 1 2 3 |  3.1
Spellcasting   | 3 4 |  4.4
Dodging        | |  2.1
Stealth        | |  1.5

Action                   |  1- 3 |  4- 6 || total
-------------------------+-------+-------++-------
 Cast: Shock             |    71 |    85 ||   156
Armor: Robe              |     2 |     1 ||     3
Dodge: Dodged            |     3 |     1 ||     4
Block: Other             |     2 |     1 ||     3
       Reflection        |     2 |       ||     2

Table legend: (Time is in decaauts)
 A = Elapsed time spent in this place.
 B = Non-inter-level travel time spent in this place.
 C = Inter-level travel time spent in this place.
 D = Time resting spent in this place.
 E = Time spent auto-exploring this place.
 F = Levels seen in this place.
 G = Mean time per level.
                   A        B        C        D        E       F      G
               +--------+--------+--------+--------+--------+-----+--------+
         Total |   4308 |   4280 |     28 |      0 |   3947 |   3 | 1436.0 |
       Dungeon |   4308 |   4280 |     28 |      0 |   3947 |   3 | 1436.0 |
               +--------+--------+--------+--------+--------+-----+--------+

Top non-repeatable levels by time:
     D:1: 1783 daAuts
     D:3: 1417 daAuts
     D:2: 1107 daAuts
